 Dungeon Crawl Stone Soup version 0.28-a0-664-gc179e30c89 (webtiles) character file.

Game seed: 4923288316591332337

2 flotson the Sneak (level 1, -1/18 HPs)
             Began as a Demonspawn Delver on Oct 15, 2021.
             Slain by an orc (4 damage)
             ... on level 5 of the Dungeon.
             The game lasted 00:00:46 (121 turns).

flotson the Sneak (Demonspawn Delver)                Turns: 121, Time: 00:00:46

Health: -1/18      AC:  3    Str: 12    XL:     1   Next: 25%
Magic:  1/1        EV: 11    Int: 11    God:
Gold:   16         SH:  0    Dex: 14    Spells: 0/0 levels left

rFire   . . .      SeeInvis .   d - +1 falchion (vorpal)
rCold   . . .      Faith    .   (no shield)
rNeg    . . .      Spirit   .   b - +0 leather armour
rPois   .          Reflect  .   (no helmet)
rElec   .          Harm     .   (no cloak)
rCorr   .          Rampage  .   (no gloves)
Will    .....                   (no boots)
Stlth   ++........              (no amulet)
HPRegen 0.06/turn               (no ring)
MPRegen 0.07/turn               (no ring)

@: hasted, very quick
A: no striking features
a: no special abilities


You were on level 5 of the Dungeon.
You visited 1 branch of the dungeon, and saw 1 of its levels.

You collected 16 gold pieces.

Inventory:

Hand Weapons
 a - a +0 hand axe
 d - a +1 vorpal falchion (weapon)
Armour
 b - a +0 leather armour (worn)
Wands
 g - a wand of digging (3)
Scrolls
 c - a scroll of fog
 e - a scroll of fear
 h - a scroll of noise {unknown}


   Skills:
 + Level 3.0 Fighting
 + Level 1.8 Axes
 + Level 0.1 Armour
 + Level 1.8 Dodging
 - Level 4.5 Stealth


You couldn't memorise any spells.
You didn't know any spells.
Your spell library was empty.

Dungeon Overview and Level Annotations

Branches:
Dungeon (5/15)             Temple (0/1) D:5

Altars:

Shops:
D:5 *


Message History

The wondrous Orb of Zot lies far below, as if waiting for you to find it.
Press ? for a list of commands and other information.
Found a scroll labelled XAUHAU MASTIT.
Found a stone staircase leading down.
Unknown command.
Found a stone staircase leading down.
You now have 16 gold pieces.
h - a scroll labelled XAUHAU MASTIT A scorpion comes into view.
An iguana comes into view.
You open the door.
There is an open door here.
You open the door.
There is an open door here.
Found Dosaox's Assorted Antiques.
There is an open door here.
You open the door.
There is an open door here.
There is an entrance to Dosaox's Assorted Antiques here.
You can access your shopping list by pressing '$'.
Unknown command.
There is an open door here.
An orc comes into view. It is wielding a +1 vorpal falchion.
The orc moves out of view.
The orc shouts!
As you read the scroll of magic mapping, it crumbles to dust.
You feel aware of your surroundings.
You sensed 2 altars.
An orc comes into view. It is wielding a +0 club.
You feel yourself speed up.
The orc shouts!
The orc hits you with a +1 vorpal falchion!
You hit the orc.
You kill the orc!
An orc comes into view. It is wielding a +0 club.
The orc hits you with a +0 club.
* * * LOW HITPOINT WARNING * * *
You see here a +1 vorpal falchion.
d - a +1 vorpal falchion (weapon)
The orc shouts!
You hit the orc but do no damage. The orc hits you with a +0 club.
You die...

*,* *****,*,**,,,,,,,,*******,*
*,* *,*,***...*,,,,,,,,,,,*
*,*******,*,,,,.o.,,,,*********
*,,,,,,,,,*****#.#*****
*********** #.# #.# #.# #o# #@#
#.# #.########** #.........,*
***** ##.########,* *,,,*
##...## *,* ***,,,*** #.....#
*,* *,,,,,,,** #.....# *,*
*,,,,,...#####.###.# *,*


You could see 2 orcs.

Vanquished Creatures
  An orc (D:5)
1 creature vanquished.

Notes
Turn   | Place    | Note
-------+----------+-------------------------------------------
     0 | D:5      | flotson the Demonspawn Delver began the quest for the Orb.
     0 | D:5      | Reached XP level 1. HP: 18/18 MP: 1/1
    33 | D:5      | Noticed a scorpion
    54 | D:5      | Noticed an iguana
    74 | D:5      | Found Dosaox's Assorted Antiques.
   121 | D:5      | Slain by an orc

Illustrated notes

Levels and vault maps discovered:
D:5:      layout_loops_corners, nicolae_overflow_hidden_temple,
          nicolae_overflow_crystal_walls, temple_statues, serial_shops,
          nicolae_shop_window_shopping, uniq_blork_the_orc, uniq_pikel

Action                   || total
-------------------------++-------
Melee: Falchion          ||     1
       Hand axe          ||     1
  Use: Scroll            ||     1
       Potion            ||     1

Table legend: (Time is in decaauts)
 A = Elapsed time spent in this place.
 B = Non-inter-level travel time spent in this place.
 C = Inter-level travel time spent in this place.
 D = Time resting spent in this place.
 E = Time spent auto-exploring this place.
 F = Levels seen in this place.
 G = Mean time per level.
                   A        B        C        D        E       F      G
               +--------+--------+--------+--------+--------+-----+--------+
         Total |    119 |    119 |      0 |      0 |     51 |   1 |  119.0 |
       Dungeon |    119 |    119 |      0 |      0 |     51 |   1 |  119.0 |
               +--------+--------+--------+--------+--------+-----+--------+

Top non-repeatable levels by time:
     D:5: 119 daAuts
